Map: Sludge City

Players

NostrA

  • Race: Zerg Zerg
  • Spawn Location: 11:00

Tenonee

  • Race: Zerg Zerg
  • League: Diamond
  • Spawn Location: 9:00

listal - Winner!

  • Race: Terran Terran
  • Spawn Location: 5:00

Comadiroma - Winner!

  • Race: Zerg Zerg
  • League: Diamond
  • Spawn Location: 5:00

VOD

Have the link to the VOD?

Description

Time

  • Played on: July 31, 2016, 9:01 a.m.
  • Length: 10:57
Show
View Real Time Build Order
Export as new Build Order

NostrA Zerg 

Build Orders: Hatch First, Muta Ling Bane 

Get SALT Encoding   

  12  0:00  Drone  
  13  0:13  Overlord  
  13  0:19  Drone  
  14  0:31  Drone x2  
  14  0:35  Drone  
  17  0:54  Hatchery  
  17  0:56  Drone  
  17  1:00  Drone  
  18  1:06  Extractor  
  17  1:17  Spawning Pool  
  16  1:19  Drone  
  16  1:22  Drone  
  18  1:30  Drone  
  19  1:39  Overlord  
  19  2:04  Queen  
  19  2:06  Queen  
  19  2:07  Drone x2  
  25  2:08  Metabolic Boost  
  25  2:15  Drone  
  25  2:16  Drone  
  27  2:24  Zergling x2  
  27  2:28  Zergling x2  
  29  2:31  Drone  
  29  2:34  Extractor  
  29  2:35  Drone  
  30  2:39  Drone  
  30  2:43  Extractor  
  30  2:44  Drone  
  30  2:46  Extractor  
  30  2:51  Drone  
  30  2:57  Drone  
  32  3:01  Lair  
  32  3:07  Drone x2  
  32  3:12  Drone  
  34  3:13  Drone  
  34  3:16  Overlord x2  
  35  3:24  Drone  
  35  3:26  Overlord  
  36  3:35  Drone x2  
  36  3:36  Drone x2  
  36  3:40  Drone x2  
  42  3:46  Drone x2  
  42  3:47  Overlord x2  
  44  3:57  Overlord  
  44  4:08  Drone x2, Overlord  
  44  4:09  Zergling x2  
  47  4:11  Spire, Zergling x2  
  47  4:15  Zergling x2  
  48  4:25  Zergling x4  
  48  4:27  Zergling x2  
  48  4:28  Zergling x2  
  48  4:29  Zergling x2  
  48  4:30  Zergling x2  
  55  4:38  Zergling x2  
  55  4:48  Zergling x4  
  55  4:49  Spine Crawler, Zergling x4  
  55  4:50  Zergling x2  
  55  4:51  Spine Crawler  
  58  4:53  Spine Crawler  
  58  4:54  Spine Crawler, Zergling x2  
  58  4:56  Spore Crawler  
  58  4:58  Zergling x6  
  59  5:09  Drone x2  
  59  5:13  Spore Crawler  
  60  5:27  Mutalisk x7  
  76  5:32  Mutalisk  
  76  5:34  Mutalisk  
  80  5:38  Mutalisk  
  80  5:42  Mutalisk  
  84  5:48  Overlord  
  84  5:50  Overlord  
  84  6:01  Hatchery  
  83  6:12  Mutalisk x3  
  83  6:18  Overlord  
  89  6:26  Mutalisk  
  89  6:27  Mutalisk x2  
  95  6:36  Mutalisk x2  
  97  6:46  Drone x5  
  97  6:47  Drone x2  
  98  6:51  Overlord  
  96  6:55  Mutalisk  
  96  7:02  Overlord  
  96  7:06  Zerg Flyer Weapons Level 1  
  96  7:08  Baneling Nest  
  95  7:09  Drone  
  95  7:13  Queen  
  95  7:14  Drone x2  
  100  7:17  Drone  
  101  7:23  Extractor, Drone x2  
  101  7:24  Drone x3  
  101  7:25  Extractor  
  104  7:33  Mutalisk  
  104  7:34  Mutalisk x2  
  110  7:38  Drone x2  
  110  7:40  Drone  
  110  7:41  Drone  
  114  7:47  Drone  
  114  7:48  Evolution Chamber x2  
  114  7:50  Drone x2  
  115  7:53  Drone x2, Infestation Pit  
  116  8:00  Drone x3  
  119  8:06  Overlord x3  
  119  8:21  Zergling x18  
  128  8:33  Zergling x6  
  131  8:34  Centrifical Hooks  
  131  8:36  Baneling  
  131  8:37  Baneling x16  
  131  8:40  Zergling x4  
  133  8:44  Overlord  
  134  8:48  Zergling x8  
  134  8:49  Zergling x2  
  134  8:51  Baneling x5  
  137  8:56  Zergling x8  
  137  9:00  Zergling x2  
  137  9:01  Zergling x2  
  143  9:10  Overlord x3  
  143  9:15  Zergling x2  
  144  9:24  Overseer x2  
  144  9:25  Pneumatized Carapace  
  144  9:30  Zergling x14  
  144  9:31  Zergling x4  
  153  9:35  Overseer  
  153  9:36  Mutalisk x2  
  153  9:37  Mutalisk  
  157  9:49  Mutalisk  
  157  9:50  Mutalisk x2  
  161  9:58  Mutalisk x5  
  114  10:17  Zergling x2  
  114  10:18  Zergling x14  
  94  10:23  Baneling x6  
  94  10:28  Zergling x12  
  93  10:29  Zergling x6  
Show
View Real Time Build Order
Export as new Build Order

Tenonee Zerg 

Build Orders: Hatch First 

Get SALT Encoding   

  12  0:01  Drone  
  13  0:13  Overlord  
  13  0:21  Drone  
  14  0:33  Drone  
  14  0:34  Drone  
  16  0:40  Drone  
  17  0:46  Drone  
  18  0:58  Hatchery  
  17  1:06  Drone  
  17  1:09  Extractor  
  17  1:17  Spawning Pool  
  16  1:22  Drone  
  17  1:41  Drone x3  
  20  1:56  Overlord  
  20  2:04  Queen  
  22  2:11  Queen  
  23  2:24  Zergling x4  
  25  2:41  Pneumatized Carapace  
  25  2:47  Queen  
  27  2:51  Drone  
  27  2:52  Drone x3  
  27  2:53  Overlord  
  31  3:05  Drone x2  
  32  3:15  Metabolic Boost  
  32  3:20  Zergling x8  
  32  3:21  Zergling x2  
  37  3:27  Queen  
  37  3:30  Overlord  
  38  3:37  Drone, Roach Warren  
  38  3:49  Drone x3  
  38  3:50  Drone x4  
  45  3:56  Spore Crawler  
  45  3:58  Spore Crawler  
  43  4:12  Drone x2  
  44  4:22  Drone x2, Hatchery  
  45  4:24  Lair  
  45  4:25  Extractor  
  45  4:27  Extractor x2  
  44  4:38  Roach x3  
  44  4:39  Roach  
  44  4:41  Overlord x2  
  50  4:57  Roach  
  52  5:00  Overlord x2  
  44  5:22  Drone x3  
  44  5:23  Drone x3  
  44  5:24  Drone x2, Spore Crawler  
  44  5:26  Drone  
  44  5:27  Drone x2  
  44  5:28  Glial Reconstitution  
  54  5:35  Queen  
  54  5:38  Queen  
  58  5:43  Drone x3  
  58  5:44  Drone  
  62  5:53  Spore Crawler  
  62  5:56  Drone  
  62  6:14  Drone x11  
  62  6:15  Hydralisk Den  
  62  6:18  Extractor x2  
  70  6:28  Infestation Pit  
  70  6:29  Ravager x2  
  70  6:30  Ravager x2  
  70  6:31  Evolution Chamber, Queen  
  70  6:32  Evolution Chamber  
  73  6:55  Muscular Augments, Drone  
  73  6:56  Drone x6  
  73  6:57  Drone x6  
  86  7:05  Zerg Ground Armor Level 1, Zerg Missile Weapons Level 1  
  86  7:08  Zergling x2  
  87  7:09  Zergling x2  
  88  7:27  Hive  
  88  7:35  Roach  
  90  7:37  Overlord x2  
  90  7:38  Overlord x2  
  90  7:45  Hatchery  
  89  7:56  Zergling x2  
  90  8:02  Extractor  
  90  8:04  Extractor  
  88  8:05  Lurker Den  
  88  8:22  Hydralisk  
  88  8:23  Hydralisk x6, Roach x4  
  88  8:24  Hydralisk, Roach x4  
  88  8:25  Roach  
  122  8:30  Overlord x5  
  122  8:40  Overlord x2  
  122  8:47  Overlord x2  
  122  8:51  Hydralisk  
  122  8:52  Hydralisk x2, Roach x3  
  122  8:53  Roach  
  136  9:04  Hydralisk x2  
  136  9:05  Hydralisk, Roach x4  
  136  9:08  Overseer x3  
  146  9:25  Hydralisk x3, Roach x2  
  146  9:26  Hydralisk, Roach x4  
  162  9:37  Spore Crawler  
  161  9:45  Hydralisk x2, Roach  
  163  9:46  Hydralisk x2, Roach x4  
  163  9:47  Roach x2  
  116  10:09  Hydralisk  
  116  10:10  Hydralisk x3, Roach x2  
  116  10:11  Roach x4  
  114  10:32  Hydralisk x2, Roach x2  
Show
View Real Time Build Order
Export as new Build Order

listal Terran - Winner!

Build Orders: Reaper Expand, Hellion Banshee, MMM Bio 

Get SALT Encoding   

  12  0:01  SCV  
  13  0:13  SCV  
  14  0:17  Supply Depot  
  14  0:25  SCV  
  15  0:39  Barracks, SCV  
  16  0:47  Refinery  
  16  0:51  SCV  
  17  1:03  SCV  
  18  1:15  SCV  
  19  1:33  Orbital Command  
  19  1:34  Reaper  
  20  1:43  Command Center  
  20  1:54  Supply Depot  
  20  1:59  SCV  
  21  2:06  Factory  
  21  2:09  Marine  
  21  2:11  Refinery  
  22  2:20  SCV  
  23  2:29  Barracks Reactor  
  23  2:39  SCV  
  24  2:51  SCV  
  25  2:52  Starport  
  25  3:03  SCV  
  27  3:22  Orbital Command  
  26  3:28  SCV  
  26  3:29  Barracks Tech Lab  
  26  3:31  Hellion  
  26  3:32  Hellion  
  31  3:40  SCV  
  32  3:42  Supply Depot  
  32  3:53  SCV x2  
  34  3:59  Hellion x2  
  38  4:03  Barracks Tech Lab  
  38  4:14  SCV x2  
  40  4:22  Barracks  
  40  4:23  Banshee, Engineering Bay, Barracks, Stimpack  
  47  4:24  Hellion x2, Barracks  
  47  4:32  SCV x2  
  47  4:37  Supply Depot  
  49  4:45  Hellion x2  
  53  4:47  SCV  
  54  4:56  Terran Infantry Weapons Level 1  
  54  4:59  Marine, SCV  
  56  5:05  Banshee  
  59  5:13  SCV x2  
  58  5:24  Barracks Reactor x3  
  58  5:25  SCV x2  
  60  5:38  SCV x2  
  60  5:41  Command Center, Refinery  
  60  5:42  Refinery  
  62  6:07  Marine, SCV x2  
  62  6:08  Supply Depot  
  62  6:10  Missile Turret  
  63  6:12  Missile Turret x2  
  63  6:16  Missile Turret  
  57  6:26  Marine x7  
  56  6:36  SCV x2  
  53  6:44  Marine x4  
  49  6:49  SCV x2  
  50  6:57  Combat Shields  
  50  6:58  Medivac  
  50  6:59  Medivac, Marine x2  
  50  7:00  Marine  
  57  7:02  Marine x4  
  57  7:08  SCV x2  
  63  7:11  Orbital Command  
  63  7:20  SCV x2  
  63  7:21  Terran Infantry Armor Level 1  
  65  7:25  Engineering Bay  
  65  7:31  Medivac x2, Armory  
  65  7:34  SCV  
  65  7:35  SCV  
  71  7:38  Marine x2  
  71  7:39  Marine x5  
  78  7:47  SCV  
  79  7:53  Missile Turret  
  79  7:57  SCV x2  
  81  7:59  Marine, SCV  
  81  8:00  Marine x5  
  81  8:01  Medivac x2  
  92  8:18  Marine  
  92  8:19  Marine  
  93  8:26  Supply Depot, Marine x5  
  98  8:27  Supply Depot  
  93  8:36  Marine  
  93  8:37  Marine, SCV x3  
  98  8:43  Marine x3  
  98  8:47  Marine x2  
  103  8:52  Widow Mine  
  103  8:54  Marine  
  103  8:55  Marine  
  106  9:01  Marine x3  
  110  9:05  Marine  
  110  9:06  Marine  
  111  9:12  Marine  
  111  9:13  Marine  
  111  9:19  Marine x3  
  111  9:21  Liberator  
  111  9:23  Marine  
  102  9:25  Liberator  
  102  9:26  Marine  
  102  9:30  Marine  
  102  9:31  Marine  
  99  9:34  Widow Mine  
  99  9:37  Marine x3  
  104  9:44  Marine  
  111  9:49  Marine  
  106  10:03  Widow Mine  
  106  10:05  Marine x4  
  106  10:06  Marine  
  107  10:26  Marine x6  
Show
View Real Time Build Order
Export as new Build Order

Comadiroma Zerg - Winner!

Build Orders: Hatch First, Lurkers 

Get SALT Encoding   

  12  0:01  Drone  
  13  0:13  Overlord  
  13  0:18  Drone  
  14  0:31  Drone x2  
  14  0:35  Drone  
  17  0:54  Hatchery  
  16  1:00  Drone x2  
  18  1:04  Extractor  
  17  1:17  Spawning Pool  
  16  1:21  Drone  
  16  1:23  Drone  
  18  1:32  Drone  
  19  1:42  Drone  
  20  1:50  Drone  
  21  2:06  Queen x2  
  25  2:14  Roach Warren  
  24  2:21  Drone x4  
  28  2:26  Extractor  
  27  2:31  Overlord  
  27  2:35  Overlord  
  27  2:36  Drone  
  28  2:54  Roach x4  
  36  3:01  Roach  
  38  3:08  Drone  
  38  3:11  Overlord  
  39  3:22  Drone x5  
  44  3:30  Hatchery  
  47  3:34  Roach x2  
  47  3:44  Overlord  
  47  3:48  Lair  
  47  3:53  Roach  
  47  3:55  Evolution Chamber, Drone  
  48  3:57  Evolution Chamber  
  48  3:58  Extractor  
  48  3:59  Extractor  
  48  4:00  Roach  
  48  4:15  Drone x2  
  48  4:16  Drone x4  
  54  4:19  Drone  
  55  4:26  Zerg Missile Weapons Level 1, Zerg Ground Armor Level 1  
  55  4:47  Queen  
  55  4:50  Glial Reconstitution  
  57  4:53  Drone x5  
  57  4:54  Drone, Hydralisk Den  
  57  4:58  Drone x2  
  57  4:59  Drone  
  65  5:02  Drone  
  66  5:07  Overlord  
  66  5:12  Overlord  
  66  5:30  Drone x12  
  78  5:35  Lurker Den  
  78  5:38  Overseer  
  78  5:46  Overlord x3  
  78  5:54  Roach x2  
  82  6:18  Overlord x3  
  82  6:22  Spore Crawler  
  82  6:23  Spore Crawler  
  82  6:24  Spore Crawler x2  
  78  6:25  Spore Crawler  
  78  6:26  Spore Crawler  
  78  6:27  Spore Crawler  
  78  6:29  Drone x3  
  78  6:30  Drone x3, Spore Crawler  
  78  6:31  Zerg Missile Weapons Level 2, Zerg Ground Armor Level 2  
  80  6:33  Drone x3  
  80  6:37  Extractor x2  
  81  6:44  Spore Crawler  
  80  6:56  Hydralisk x5  
  80  7:00  Spore Crawler  
  89  7:08  Drone x3  
  91  7:09  Drone x3  
  91  7:10  Drone x3  
  98  7:21  Hydralisk  
  98  7:22  Hydralisk x5  
  110  7:26  Muscular Augments  
  110  7:31  Infestation Pit  
  109  7:38  Spore Crawler  
  109  7:42  Overlord x3  
  108  8:12  Hydralisk  
  108  8:13  Hydralisk x5  
  108  8:14  Overlord  
  108  8:15  Overlord x3  
  120  8:26  Roach  
  122  8:41  Roach x13  
  130  8:42  Roach  
  148  8:50  Lurker x2  
  148  8:51  Lurker  
  148  8:52  Lurker x2  
  153  9:00  Overlord x3  
  153  9:36  Hydralisk x10  
  173  9:40  Lurker x2  
  173  9:41  Lurker  
  174  9:46  Hatchery  
  164  10:03  Roach x2  
  164  10:06  Hydralisk x3  
  164  10:07  Hydralisk x7  
  151  10:15  Hydralisk x2  
  152  10:25  Lurker x3  
  152  10:28  Lurker x2  
Tags
 
Add a new tag
Caveats
  • Supply blocks, unpowered buildings, or Contaminate may cause inaccurate times.
  • Supply counts are checked every 10 seconds.